 Dungeon Crawl Stone Soup version 0.31-a0-1611-g890cdf5628 (webtiles) character file.

Game seed: 1115302382746181682

380 osuadh the Poker (level 6, 0/62 HPs)
             Began as an Oni Cinder Acolyte on Jan 9, 2024.
             Was a High Priest of Ignis.
             Slain by a gnoll bouda
             ... wielding a +2 vampiric whip
              (2 damage)
             ... on level 3 of the Dungeon.
             The game lasted 00:07:21 (2318 turns).

osuadh the Poker (Oni Cinder Acolyte)               Turns: 2318, Time: 00:07:22

Health: 0/62       AC:  3    Str: 21    XL:     6   Next: 75%
Magic:  1/7        EV:  9    Int: 15    God:    Ignis [*****.]
Gold:   129        SH:  0    Dex:  4    Spells: 5/7 levels left

rFire   + . .        a - -1 spear (flame)
rCold   . . .        (no shield)
rNeg    . . .        b - +0 robe
rPois   .            (helmet restricted)
rElec   .            (no cloak)
rCorr   .            (gloves unavailable)
SInv    .            (boots unavailable)
Will    .....        (no amulet)
Stlth   +            (no ring)
HPRegen 0.30/turn    (no ring)
MPRegen 0.10/turn

%: no passive effects
@: no status effects
A: large, unfitting armour, horns 1, tough skin 1, double potion healing,
drunken brawling
a: Renounce Religion, Fiery Armour, Foxfire Swarm, Rising Flame


You were on level 3 of the Dungeon.
You worshipped Ignis.
Ignis was extremely pleased with you.
You visited 1 branch of the dungeon, and saw 4 of its levels.

You collected 129 gold pieces.

Inventory:

Hand Weapons
 a - a -1 spear of flaming (weapon)
Armour
 b - a +0 robe (worn)
Jewellery
 h - a ring of positive energy
Scrolls
 e - a scroll of fog {unknown}
 f - 4 scrolls of identify {unknown}
 g - 4 scrolls of enchant weapon {unknown}
 l - a scroll of revelation {unknown}
Potions
 c - a potion of lignification
 d - 2 potions of might {unknown}
 i - a potion of brilliance {unknown}
 j - a potion of curing {unknown}
 k - a potion of invisibility {unknown}


   Skills:
 - Level 4.1 Fighting
 + Level 7.3 Polearms
 - Level 1.2 Spellcasting
 - Level 2.6 Fire Magic


You had 5 spell levels left.
You knew the following spells:

 Your Spells              Type           Power      Damage    Failure   Level
a - Scorch                Fire           16%        2d5       12%         2

Your spell library contained the following spells:

 Spells                   Type           Power      Damage    Failure   Level


Dungeon Overview and Level Annotations

Branches:
Dungeon (4/15)
 Temple: D:4-7

Altars:


Innate Abilities, Weirdness & Mutations

You are too large for most types of armour.
You have a pair of small horns on your head.
You have tough skin. (AC +1)
You gain doubled healing and magic from potions.
Whenever you drink a healing potion, you attack all around you.


Message History

The gnoll bouda hits you with a +2 vampiric whip!
The gnoll bouda draws strength from your wounds!
You hit the gnoll bouda. You burn the gnoll bouda.
The gnoll bouda is severely wounded.
The gnoll bouda hits you with a +2 vampiric whip!
The gnoll bouda draws strength from your wounds!
You hit the gnoll bouda but do no damage.
Your headbutt misses the gnoll bouda. Your punch misses the gnoll bouda.
The gnoll bouda is severely wounded.
You hit the gnoll bouda but do no damage.
The gnoll bouda is severely wounded.
The gnoll bouda is no longer more vulnerable to fire.
The gnoll bouda completely misses you.
Casting: Scorch (safe; 12% risk of failure)
Confirm with . or Enter, or press ? or * to list all spells.
You miscast Scorch.
You are very lightly contaminated with residual magic.
Nothing appears to happen.
The gnoll bouda hits you with a +2 vampiric whip!
* * * LOW HITPOINT WARNING * * *
The gnoll bouda draws strength from your wounds!
The gnoll bouda gazes fiercely through you!
You feel as though you will be weak longer.
The gnoll bouda attacks as it pursues you!
The gnoll bouda hits you with a +2 vampiric whip!
* * * LOW HITPOINT WARNING * * *
The gnoll bouda draws strength from your wounds!
Okay, then.
Okay, then.
The gnoll bouda attacks as it pursues you!
The gnoll bouda misses you.
Your magical contamination has completely faded away.
The gnoll bouda attacks as it pursues you!
The gnoll bouda hits you with a +2 vampiric whip.
* * * LOW HITPOINT WARNING * * *
The gnoll bouda draws strength from your wounds!
Your attacks no longer feel as feeble.
The gnoll bouda attacks as it pursues you!
The gnoll bouda hits you with a +2 vampiric whip.
You die...

### #.## ######..#
........#######
######........####
#.##..##....#
#.###..####.## #.#
##.# #@.# ..# #.##
##g### .##
#..####...# ..
##.....##.#
#####.##.##
#.##..# #.###.#
#.###.# . #...###


You could see a gnoll bouda.

Vanquished Creatures
  Sigmund (D:3)
  A bombardier beetle (D:3)
  An iguana (D:4)
  An orc wizard (D:4)
  4 gnolls (D:3)
  4 adders
  2 dart slugs
  2 ribbon worms
  2 orcs (D:4)
  2 ball pythons
  5 endoplasms (D:1)
  A giant cockroach (D:2)
  4 goblins
  7 hobgoblins
  2 quokkas
  7 bats
  2 frilled lizards (D:2)
  2 kobolds
  5 rats
55 creatures vanquished.

Notes
Turn   | Place    | Note
-------+----------+-------------------------------------------
     0 | D:1      | osuadh the Oni Cinder Acolyte began the quest for the Orb.
     0 | D:1      | Reached XP level 1. HP: 24/24 MP: 2/2
   129 | D:1      | Reached XP level 2. HP: 32/32 MP: 3/3
   139 | D:1      | Learned a level 2 spell: Scorch
   723 | D:2      | Reached skill level 4 in Polearms
   723 | D:2      | Reached XP level 3. HP: 39/39 MP: 4/4
   902 | D:2      | Reached XP level 4. HP: 35/48 MP: 0/5
  1348 | D:3      | Reached skill level 5 in Polearms
  1448 | D:3      | Noticed Sigmund
  1470 | D:3      | Killed Sigmund
  1471 | D:3      | Reached skill level 6 in Polearms
  1471 | D:3      | Reached XP level 5. HP: 54/54 MP: 2/6
  1471 | D:3      | Reached XP level 6. HP: 62/62 MP: 2/7
  1660 | D:3      | You fall into a shaft and drop 1 floor!
  1783 | D:4      | Reached skill level 7 in Polearms
  2310 | D:3      | HP: 1/62 [gnoll bouda/+2 vampiric whip (10)]
  2316 | D:3      | HP: 1/62 [gnoll bouda/+2 vampiric whip (2)]
  2318 | D:3      | Slain by a gnoll bouda

Illustrated notes

Levels and vault maps discovered:
D:1:      lightli_arrival_chessboard, layout_loops_ring, minmay_pentomino_z4
D:2:      layout_rooms, nicolae_kite_square_tiling_tiny
D:3:      layout_rooms, grunt_decor_resistance, uniq_sigmund
D:4:      layout_loops_ring, mainiacjoe_overflow_small_starburst,
          gammafunk_temple_overflow_arena, lemuel_round_altar,
          minmay_temple_entry_butterflies, gammafunk_ghost_cemetery

Skill      XL: |  1  2  3  4  5  6 |
---------------+-------------------+-----
Polearms       | 4 6 7 |  7.3
Fighting       | |  4.1
Spellcasting   | |  1.2
Fire Magic     | |  2.6

Action                     |  1- 3 |  4- 6 || total
---------------------------+-------+-------++-------
  Melee: Spear             |    62 |    91 ||   153
         Headbutt          |     6 |     7 ||    13
   Cast: Scorch            |     6 |    25 ||    31
    Use: Potion            |       |     1 ||     1
 Armour: Robe              |    35 |    60 ||    95
         Skin              |       |    12 ||    12
  Dodge: Dodged            |    24 |    40 ||    64

Table legend: (Time is in decaauts)
 A = Elapsed time spent in this place.
 B = Non-inter-level travel time spent in this place.
 C = Inter-level travel time spent in this place.
 D = Time resting spent in this place.
 E = Time spent auto-exploring this place.
 F = Levels seen in this place.
 G = Mean time per level.
                   A        B        C        D        E       F      G
               +--------+--------+--------+--------+--------+-----+--------+
         Total |   2296 |   2217 |     79 |    439 |   1222 |   4 |  574.0 |
       Dungeon |   2296 |   2217 |     79 |    439 |   1222 |   4 |  574.0 |
               +--------+--------+--------+--------+--------+-----+--------+

Top non-repeatable levels by time:
     D:2: 759 daAuts
     D:1: 714 daAuts
     D:3: 461 daAuts
     D:4: 360 daAuts
